 Dungeon Crawl Stone Soup version 0.28-a0-1412-gf95308ed99 (webtiles) character file.

Game seed: 10273975800437470370

189 oldriver the Digger (level 5, -1/42 HPs)
             Began as a Demigod Earth Elementalist on Jan 6, 2022.
             Slain by Grinder (6 damage)
             ... on level 3 of the Dungeon.
             The game lasted 00:03:07 (3181 turns).

oldriver the Digger (Demigod Earth Elementalist)    Turns: 3181, Time: 00:03:08

Health: -1/42      AC:  2    Str:  9    XL:     5   Next: 16%
Magic:  11/12      EV: 12    Int: 21    God:
Gold:   129        SH:  0    Dex: 20    Spells: 4/10 levels left

rFire   . . .      SeeInvis .   a - +0 hand axe
rCold   . . .      Faith    .   (no shield)
rNeg    . . .      Spirit   .   b - +0 robe
rPois   .          Reflect  .   (no helmet)
rElec   .          Harm     .   (no cloak)
rCorr   .          Rampage  .   (no gloves)
Will    .....                   (no boots)
Stlth   ++........              (no amulet)
HPRegen 0.14/turn               e - ring of flight
MPRegen 0.13/turn               f - +6 ring of dexterity

@: flying
A: high mp 1, forlorn, divine attributes
a: no special abilities


You were on level 3 of the Dungeon.
You visited 1 branch of the dungeon, and saw 3 of its levels.

You collected 129 gold pieces.

Inventory:

Hand Weapons
 a - a +0 hand axe (weapon)
Missiles
 c - 62 stones
Armour
 b - a +0 robe (worn)
Jewellery
 e - a ring of flight (left hand)
 f - a +6 ring of dexterity (right hand)
Scrolls
 d - a scroll of identify {unknown}
 h - a scroll of immolation {unknown}
 i - a scroll of magic mapping {unknown}
 j - a scroll of brand weapon {unknown}
Potions
 g - a potion of magic
 k - a potion of attraction {unknown}


   Skills:
 + Level 2.5 Fighting
 - Level 1.7 Dodging
 - Level 1.7 Stealth
 + Level 3.0 Spellcasting
 + Level 0.1 Conjurations
 - Level 0.8 Transmutations
 + Level 3.9 Earth Magic


You had 4 spell levels left.
You knew the following spells:

 Your Spells              Type           Power      Damage    Failure   Level
a - Sandblast             Erth           38%        2d10      2%          1
b - Passwall              Tmut/Erth      10%        N/A       8%          2
c - Stone Arrow           Conj/Erth      22%        3d8       17%         3

Your spell library contained the following spells:

 Spells                   Type           Power      Damage    Failure   Level
 Gell's Gravitas          Tloc           3%         N/A       36%         3
 Teleport Other           Tloc           3%         N/A       36%         3
 Petrify                  Tmut/Erth      13%        N/A       45%         4
 Summon Ice Beast         Ice/Summ       3%         N/A       78%         4
 Summon Mana Viper        Hex/Summ       3%         N/A       98%         5
 Dispersal                Tloc           1%         N/A       100%        6
 Monstrous Menagerie      Summ           1%         N/A       100%        7


Dungeon Overview and Level Annotations

Branches:
Dungeon (3/15)

Annotations:
D:3 Grinder


Innate Abilities, Weirdness & Mutations

You have an increased reservoir of magic. (+10% MP)
You shall have no god before yourself.
Your divine heritage dramatically boosts your attributes as you level up.


Message History

No target in view!
c - 65 stones (gained 18)
Things that are here:
a +0 hunting sling; a +0 falchion; a goblin corpse Grinder comes into view.
Grinder is nearby!
Grinder is nearby!
Grinder is nearby!
Grinder is nearby!
You can't see any susceptible monsters within range! (Use Z to cast anyway.)
You can't see any susceptible monsters within range! (Use Z to cast anyway.)
You can't see any susceptible monsters within range! (Use Z to cast anyway.)
You can't see any susceptible monsters within range! (Use Z to cast anyway.)
You miscast Sandblast.
You are very lightly contaminated with residual magic.
Nothing appears to happen.
The blast of sand hits Grinder.
Grinder is lightly wounded.
Grinder shouts!
The blast of sand hits Grinder but does no damage.
Grinder is lightly wounded.
Grinder gestures at you.
You suddenly lose the ability to move!
Grinder hits you!
You writhe in agony.
Grinder hits you!
You writhe in agony.
You can move again.
It was a potion of magic.
Magic courses through your body. Grinder hits you but does no damage.
Your magical contamination has completely faded away.
Casting: Sandblast (safe; 2% risk of failure)
Confirm with . or Enter, or press ? or * to list all spells.
Aiming: Sandblast (safe; 2% risk of failure)
Press: ? - help, Shift-Dir - straight line, f/p - Grinder
Aim: Grinder (lightly wounded, 77% to hit)
The blast of sand hits Grinder but does no damage.
Grinder is lightly wounded.
Grinder hits you!
* * * LOW HITPOINT WARNING * * *
You writhe in agony.
You die...

.. ..#.# .#.# #.
..#.###. .#
#.#####.#.##.. .#
#.......#.##.# .#
####........##.##.#
......###........######
#...#⌠#.###.#........
####...###.)...#.####.##
..†.........####@#
####.#.###.## #5#
#.......# #.# ###.#####
#.. ##.## ### #...#
#...# #...#
#####...#####


You could see Grinder.

Vanquished Creatures
  10 gnolls (D:2)
  3 adders
  2 worms (D:2)
  A dart slug (D:1)
  4 endoplasms
  3 giant cockroaches
  5 goblins
  A hobgoblin (D:1)
  6 jackals (D:1)
  4 quokkas
  3 ball pythons
  10 bats
  3 frilled lizards
  2 kobolds (D:1)
  5 rats
62 creatures vanquished.

Notes
Turn   | Place    | Note
-------+----------+-------------------------------------------
     0 | D:1      | oldriver the Demigod Earth Elementalist began the quest for
                  | the Orb.
     0 | D:1      | Reached XP level 1. HP: 14/14 MP: 5/5
   350 | D:1      | Reached XP level 2. HP: 22/22 MP: 7/7
   406 | D:1      | Reached skill level 1 in Fighting
  1424 | D:2      | Reached XP level 3. HP: 28/28 MP: 9/9
  1985 | D:2      | Reached XP level 4. HP: 36/36 MP: 6/10
  2525 | D:2      | Learned a level 2 spell: Passwall
  2600 | D:2      | Reached XP level 5. HP: 21/42 MP: 7/12
  2755 | D:2      | Learned a level 3 spell: Stone Arrow
  3170 | D:3      | Noticed Grinder
  3176 | D:3      | Paralysed by Grinder for 4 turns
  3181 | D:3      | Slain by Grinder

Illustrated notes

Levels and vault maps discovered:
D:1:      ncdulo_smallfort, layout_basic, minmay_misc_feat_rugged, minmay_cupped
D:2:      minmay_skewed_foursquare, layout_basic
D:3:      layout_loops_cross, amcnicky_altar_gilded, glass_columns_a,
          st_stairs_10, feat_on_display, uniq_grinder

Skill      XL: |  1  2  3  4 |
---------------+-------------+-----
Spellcasting   | 2 3 |  3.0
Earth Magic    | 3 |  3.9
Fighting       | 1 2 |  2.5
Dodging        | |  1.7
Stealth        | |  1.7
Conjurations   | |  0.1
Transmutations | |  0.8

Action                   |  1- 3 |  4- 6 || total
-------------------------+-------+-------++-------
Melee: Hand axe          |   105 |    22 ||   127
       Punch             |     2 |       ||     2
 Cast: Sandblast         |    18 |    30 ||    48
  Use: Potion            |       |     1 ||     1
 Stab: Sleeping          |     6 |     1 ||     7
Armor: Robe              |    29 |     7 ||    36
Dodge: Dodged            |    99 |    23 ||   122

Table legend: (Time is in decaauts)
 A = Elapsed time spent in this place.
 B = Non-inter-level travel time spent in this place.
 C = Inter-level travel time spent in this place.
 D = Time resting spent in this place.
 E = Time spent auto-exploring this place.
 F = Levels seen in this place.
 G = Mean time per level.
                   A        B        C        D        E       F      G
               +--------+--------+--------+--------+--------+-----+--------+
         Total |   3217 |   3182 |     35 |    843 |   1783 |   3 | 1072.3 |
       Dungeon |   3217 |   3182 |     35 |    843 |   1783 |   3 | 1072.3 |
               +--------+--------+--------+--------+--------+-----+--------+

Top non-repeatable levels by time:
     D:2: 1594 daAuts
     D:1: 1348 daAuts
     D:3: 274 daAuts
